 Dungeon Crawl Stone Soup version 0.20.0-15-g7f486f2 (webtiles) character file.

340 konni the Cleaver (level 6, -5/51 HPs)
             Began as a Minotaur Berserker on May 29, 2017.
             Was a Priest of Trog.
             Slain by IcySystem's ghost (9 damage)
             ... on level 3 of the Dungeon on June 14, 2017.
             The game lasted 00:30:46 (2734 turns).

konni the Cleaver (Minotaur Berserker)              Turns: 2734, Time: 00:30:47

Health: -5/51      AC:  3    Str: 22    XL:     6   Next: 30%
Magic:  14/14      EV: 11    Int:  4    God:    Trog [***...]
Gold:   112        SH:  3    Dex: 11    Spells: 5/5 levels left

rFire    . . .     SeeInvis .   r - +1 trident (protect)
rCold    . . .     Gourm    .   q - +0 buckler
rNeg     . . .     Faith    .   o - +0 robe
rPois    .         Spirit   .   (helmet restricted)
rElec    .         Reflect  .   j - +0 cloak
rCorr    +         Harm     .   (no gloves)
MR       .....                  (no boots)
Stlth    +.........             (no amulet)
Regen    0.2/turn               k - ring of magical power
MPRegen  0.2/turn               t - ring of resist corrosion

@: berserk cooldown, slowed, very slow
A: retaliatory headbutt, horns 2
a: Berserk, Trog's Hand, Burn Spellbooks, Renounce Religion


You were on level 3 of the Dungeon.
You worshipped Trog.
Trog was most pleased with you.
You were hungry.

You visited 1 branch of the dungeon, and saw 3 of its levels.

You collected 112 gold pieces.

Inventory:

Hand Weapons
 a - a +0 hand axe
 e - a +0 dagger
 g - a +0 dagger
 r - a +1 trident of protection (weapon)
 x - a +0 mace
Missiles
 f - 48 stones (quivered)
 p - 32 arrows
Armour
 b - a +0 animal skin
 j - a +0 cloak (worn)
 o - a +0 robe (worn)
 q - a +0 buckler (worn)
Jewellery
 k - a ring of magical power (left hand)
 t - a ring of resist corrosion (right hand)
Wands
 m - a wand of random effects (15/48)
Scrolls
 n - 4 scrolls of remove curse
 s - a scroll of fear {unknown}
 u - a scroll of enchant armour {unknown}
Potions
 d - a potion of curing
 h - a potion of ambrosia
 i - a potion of heal wounds
 l - a potion of brilliance
Comestibles
 c - 2 bread rations
 v - 2 chunks of flesh
 w - a royal jelly


   Skills:
 - Level 3.6 Fighting
 + Level 8.4 Axes
 + Level 1.0(5.3) Polearms
 - Level 2.4 Armour
 - Level 2.1 Dodging
 - Level 0.3 Stealth
 - Level 0.2 Shields


You had 5 spell levels left.
You didn't know any spells.

Dungeon Overview and Level Annotations

Branches:
Dungeon (3/15)

Altars:
Xom

Annotations:
D:3 IcySystem's ghost, amateur MfFi


Innate Abilities, Weirdness & Mutations

You reflexively headbutt those who attack you in melee.
You have a pair of horns on your head.


Message History

Your base attributes are Str 22, Int 4, Dex 10.
Increase (S)trength, (I)ntelligence, or (D)exterity?
You feel agile.
You barely miss IcySystem's ghost. You headbutt IcySystem's ghost!
IcySystem's ghost is moderately damaged.
IcySystem's ghost hits you.
* * * LOW HITPOINT WARNING * * *
You closely miss IcySystem's ghost. You headbutt IcySystem's ghost.
IcySystem's ghost is moderately damaged.
There isn't anything here!
Press: ? - help, v - describe, . - travel The floor, spattered with blood.
You feel a strong urge to attack something.
You are no longer berserk.
You are exhausted.
You feel yourself slow down. IcySystem's ghost barely misses you.
You furiously retaliate!
You headbutt IcySystem's ghost! IcySystem's ghost hits you!
You die...

.## ... ... ####### ...
#.....# ... #.###.# ... #.#
#.#
...#######################.#
#.#
...).....).....W@.........>#
#.##
..########.(.#.).###########
#... . #...#(..# #########
.?. #[..#...########...# #.
..# #...#...#......')..# #.
.S #...#...#.##.#.#...####.
#. ##.##...#.##.#.###.#....
#.#### #.##.....##.#.#
#.#.### #.@..#
#.###.#####+#.# #...#


You could see IcySystem's ghost.

Vanquished Creatures
  Sigmund (D:3)
  Ijyb (D:3)
  7 adders
  An ooze (D:1)
  2 worms (D:2)
  4 dart slugs
  2 leopard geckos
  5 orcs (D:3)
  A ball python (D:3)
  10 bats
  2 giant cockroaches
  11 goblins
  9 hobgoblins
  6 jackals
  3 frilled lizards
  3 kobolds
  3 rats
71 creatures vanquished.

Notes
Turn   | Place    | Note
-------+----------+-------------------------------------------
     0 | D:1      | konni the Minotaur Berserker began the quest for the Orb.
     0 | D:1      | Reached XP level 1. HP: 19/19 MP: 0/0
    31 | D:1      | Reached skill level 4 in Axes
    59 | D:1      | Reached XP level 2. HP: 26/26 MP: 1/1
   224 | D:1      | Reached skill level 5 in Axes
   365 | D:1      | Reached XP level 3. HP: 31/31 MP: 2/2
   665 | D:1      | Found a shimmering altar of Xom.
   755 | D:2      | Upgraded the game from 0.20.0-7-g3b7b877 to 0.20.0-8-g6b59dc7
   784 | D:2      | Reached ** piety under Trog
  1183 | D:2      | Reached XP level 4. HP: 23/39 MP: 3/3
  1377 | D:2      | Reached skill level 6 in Axes
  2193 | D:3      | Upgraded the game from 0.20.0-8-g6b59dc7 to 0.20.0-15-g7f486f2
  2209 | D:3      | Noticed Ijyb
  2223 | D:3      | Killed Ijyb
  2223 | D:3      | Reached XP level 5. HP: 34/45 MP: 4/4
  2259 | D:3      | Noticed Sigmund
  2268 | D:3      | HP: 1/45 [Sigmund/scythe (4)]
  2516 | D:3      | Reached skill level 7 in Axes
  2712 | D:3      | Noticed IcySystem's ghost (amateur MfFi)
  2726 | D:3      | Killed Sigmund
  2726 | D:3      | Reached *** piety under Trog
  2726 | D:3      | Reached skill level 8 in Axes
  2726 | D:3      | Reached skill level 1 in Polearms
  2726 | D:3      | Reached XP level 6. HP: 9/51 MP: 5/5
  2727 | D:3      | HP: 3/76 [IcySystem's ghost (6)]
  2734 | D:3      | Slain by IcySystem's ghost

Skill      XL: |  1  2  3  4  5 |
---------------+----------------+-----
Axes           | 4 5 6 8 |  8.4
Polearms       | 1 |  1.0
Fighting       | |  3.6
Armour         | |  2.4
Dodging        | |  2.1
Stealth        | |  0.3
Shields        | |  0.2

Action                   |  1- 3 |  4- 6 || total
-------------------------+-------+-------++-------
Melee: Hand axe          |    92 |    70 ||   162
       Headbutt          |    12 |    18 ||    30
       Trident           |       |    22 ||    22
Invok: Berserk           |       |     1 ||     1
  Use: Scroll            |     2 |     7 ||     9
       Potion            |     1 |     3 ||     4
  Eat: Chunk             |     1 |     5 ||     6
Armor: Animal skin       |    23 |     4 ||    27
       Robe              |       |     9 ||     9
Dodge: Dodged            |    62 |    51 ||   113
Block: Buckler           |     4 |     8 ||    12
